 Dungeon Crawl Stone Soup version 0.31-a0-559-g03b8d61ab2 (webtiles) character file.

Game seed: 16533791093649247868

1217 Ijustatesigmund the Stinger (level 8, -3/51 HPs)
             Began as an Octopode Venom Mage on Aug 17, 2023.
             Slain by a shadow (17 damage)
             ... on level 6 of the Dungeon.
             The game lasted 00:07:56 (6795 turns).

Ijustatesigmund the Stinger (Octopode Venom Mage)   Turns: 6795, Time: 00:07:57

Health: -3/51      AC:  5    Str: 13    XL:     8   Next: 46%
Magic:  14/14      EV: 14    Int: 20    God:
Gold:   205        SH:  0    Dex: 12    Spells: 6/16 levels left

rFire   . . .        c - +1 dagger (venom)
rCold   . . .        (no shield)
rNeg    . . .        (helmet restricted)
rPois   .            (no amulet)
rElec   .            b - +4 ring of protection
rCorr   .            f - +6 ring of strength
SInv    .            q - ring of willpower
Will    +....        (no ring)
Stlth   +++          (no ring)
HPRegen 0.28/turn    (no ring)
MPRegen 0.14/turn    (no ring)
                     (no ring)

%: no passive effects
@: invisible
A: almost no armour, amphibious, 8 rings, camouflage 1, gelatinous body 1,
(nimble swimmer 1), tentacles
a: no special abilities


You were on level 6 of the Dungeon.
You visited 1 branch of the dungeon, and saw 6 of its levels.

You collected 205 gold pieces.

Inventory:

Hand Weapons
 c - a +1 dagger of venom (weapon)
 d - a +2 hand axe of draining
Armour
 m - a +0 kite shield
Jewellery
 b - a +4 ring of protection (left tentacle)
 f - a +6 ring of strength (right tentacle)
 q - a ring of willpower (on tentacle)
Wands
 e - a wand of flame (17)
 g - a wand of mindburst (6)
 h - a wand of polymorph (8)
Scrolls
 i - 2 scrolls of poison
 l - a scroll of teleportation
 n - a scroll of enchant weapon {unknown}
Potions
 a - 2 potions of magic
 k - a potion of brilliance {unknown}
 o - a potion of attraction
 p - a potion of ambrosia {unknown}


   Skills:
 - Level 2.4 Fighting
 + Level 4.0 Dodging
 - Level 2.6 Stealth
 + Level 4.5 Spellcasting
 + Level 4.0 Conjurations
 - Level 1.0 Transmutations
 + Level 4.0 Air Magic
 + Level 6.4 Poison Magic


You had 6 spell levels left.
You knew the following spells:

 Your Spells              Type           Power      Damage    Failure   Level
a - Sting                 Tmut/Pois      76%        1d6       2%          1
b - Poisonous Vapours     Pois/Air       50%        N/A       2%          2
c - Mephitic Cloud        Conj/Pois/Air  23%        N/A       4%          3
d - Olgreb's Toxic Radia  Pois           30%        N/A       9%          4

Your spell library contained the following spells:

 Spells                   Type           Power      Damage    Failure   Level


Dungeon Overview and Level Annotations

Branches:
Dungeon (6/15)             Temple (0/1) D:6

Altars:
Kikubaaqudgha
Qazlal
Ru
Sif Muna
Vehumet
Zin


Innate Abilities, Weirdness & Mutations

You cannot wear most types of armour.
You are amphibious.
You can wear up to eight rings at the same time.
Your skin changes colour to match your surroundings (Stealth+).
Your rubbery body absorbs attacks. (AC +1, EV +1)
((You are camouflaged when in or above water. (Stealth+)))
You have tentacles for arms and can constrict up to eight enemies at once.


Message History

The shadow flickers and vanishes!
Deactivating autopickup; reactivate with Ctrl-A.
Casting: Poisonous Vapours (safe; 2% risk of failure)
Confirm with . or Enter, or press ? or * to list all spells.
You can't see any susceptible monsters within range! (Use Z to cast anyway.)
You see here an adder corpse.
The shadow strikes at you from the darkness!
Reactivating autopickup.
You hit the shadow but do no damage.
You squeeze the shadow, but do no damage.
The shadow hits you!
You hit the shadow.
The shadow is lightly damaged.
The shadow hits you.
You barely miss the shadow. Your squeeze misses the shadow.
The shadow is lightly damaged.
The shadow slips into darkness.
The shadow flickers and vanishes!
Deactivating autopickup; reactivate with Ctrl-A.
You miss something.
The shadow strikes at you from the darkness!
Reactivating autopickup.
It was a potion of invisibility.
You fade into invisibility!
The shadow hits you.
Aiming: Mindburst
Press: ? - help, Shift-Dir - straight line, f - shadow
Aim: a shadow (lightly damaged, chance to affect: 47%)
The shadow's mind is blasted!
The shadow hits you!
* * * LOW HITPOINT WARNING * * *
Aiming: Mindburst
Press: ? - help, Shift-Dir - straight line, f/p - shadow
Aim: a shadow (heavily damaged, chance to affect: 47%)
The shadow resists with some effort.
The shadow slips into darkness.
The shadow flickers and vanishes!
Deactivating autopickup; reactivate with Ctrl-A.
You fade further into invisibility.
The shadow strikes at you from the darkness!
You die...

#.....# #.. ...## #.....# #.#
..... #.....# ### #.#.# #...
#.....# #.# #.#.# .###..> #.....#
#.# #.#.# ...#... ......### #.#
#.#.####....... ........#####.#
#.#.#........##
..............#####.#...........#
................@{.†#...######..#
........#####.#####..............
..<.....# #.# #.....######.#.
........## #.# ###.#.# # #.
###......# #.# .# # #. #......#
#.# .# .. ###......####.#######.#
.#. .....................{. ....
......#######.#####.#.# .# #.


There were no monsters in sight!

Vanquished Creatures
  Sigmund (D:2)
  Duvessa (D:5)
  A black bear (D:5)
  An ogre (D:4)
  Blork the orc (D:4)
  3 scorpions
  Dowan (D:5)
  A jelly (D:5)
  6 hounds
  Natasha (twice) (D:4)
  2 iguanas (D:5)
  3 orc wizards (D:6)
  3 adders
  An ufetubus (D:5)
  3 worms
  A dart slug (D:2)
  8 orcs
  6 ball pythons
  2 bats
  4 endoplasms
  2 giant cockroaches
  6 goblins
  9 hobgoblins
  6 quokkas
  3 frilled lizards
  5 kobolds
  5 rats
  A rat zombie (D:5)
88 creatures vanquished.

Notes
Turn   | Place    | Note
-------+----------+-------------------------------------------
     0 | D:1      | Ijustatesigmund the Octopode Venom Mage began the quest for
                  | the Orb.
     0 | D:1      | Reached XP level 1. HP: 11/11 MP: 3/3
   185 | D:1      | Reached XP level 2. HP: 18/18 MP: 5/5
   188 | D:1      | Learned a level 2 spell: Poisonous Vapours
   797 | D:2      | Reached skill level 4 in Poison Magic
   858 | D:2      | Reached skill level 1 in Fighting
  1022 | D:2      | Reached XP level 3. HP: 23/23 MP: 3/6
  1026 | D:2      | Learned a level 3 spell: Mephitic Cloud
  1082 | D:2      | Noticed Sigmund
  1093 | D:2      | Killed Sigmund
  1094 | D:2      | Reached skill level 1 in Conjurations
  1094 | D:2      | Reached skill level 1 in Air Magic
  1094 | D:2      | Reached XP level 4. HP: 29/29 MP: 5/8
  1094 | D:2      | Reached XP level 5. HP: 34/34 MP: 5/9
  1235 | D:2      | Learned a level 4 spell: Olgreb's Toxic Radiance
  1374 | D:2      | Found a shimmering blue altar of Sif Muna.
  2463 | D:3      | Reached XP level 6. HP: 41/41 MP: 7/10
  2573 | D:3      | Found a radiant altar of Vehumet.
  3409 | D:4      | Reached skill level 5 in Poison Magic
  3707 | D:4      | Noticed Blork the orc
  3713 | D:4      | Killed Blork the orc
  3809 | D:4      | Reached XP level 7. HP: 41/45 MP: 7/12
  3991 | D:4      | Found a stormy altar of Qazlal.
  4182 | D:4      | Noticed Natasha
  4192 | D:4      | Killed Natasha
  4601 | D:4      | Noticed Natasha
  4609 | D:4      | Killed Natasha
  4661 | D:5      | Entered Level 5 of the Dungeon
  4735 | D:5      | You fall into a shaft and drop 1 floor!
  4833 | D:6      | Found a sacrificial altar of Ru.
  5536 | D:6      | Found a glowing silver altar of Zin.
  5562 | D:6      | Found a staircase to the Ecumenical Temple.
  5575 | D:6      | Reached XP level 8. HP: 51/51 MP: 7/14
  5617 | D:5      | Reached skill level 6 in Poison Magic
  5896 | D:5      | Noticed Dowan
  5897 | D:5      | Noticed Duvessa
  5906 | D:5      | Killed Dowan
  6211 | D:5      | Killed Duvessa
  6584 | D:5      | Found an ancient bone altar of Kikubaaqudgha.
  6780 | D:6      | Noticed a shadow
  6795 | D:6      | Slain by a shadow

Illustrated notes

Levels and vault maps discovered:
D:1:      minmay_arrival_checkered_box, layout_loops_ring,
          ebering_dispersal_statue_hall, minmay_statues_item
D:2:      minmay_chambers_of_ones, layout_loops_ring, basic_altar,
          chequers_serial_rivers_small_3, palyth_stone_intersect,
          nicolae_elevator_lobby_plus, uniq_sigmund
D:3:      layout_loops_corners, lemuel_doored_altar
D:4:      layout_basic, mainiacjoe_overflow_chevrons, uniq_natasha,
          uniq_blork_the_orc
D:5:      layout_basic, lemuel_zombie_altar_kikubaaqudgha, bh_walls_and_bars,
          uniq_duvessa
D:6:      layout_basic, zin_scriptorium, kennysheep_mini_moat,
          nicolae_overflow_hidden_temple, minmay_temple_entry_tees

Skill      XL: |  1  2  3  4  5  6  7  8 |
---------------+-------------------------+-----
Poison Magic   | 4 5 6 |  6.4
Fighting       | 1 2 |  2.4
Spellcasting   | 3 4 |  4.5
Conjurations   | 1 2 3 4 |  4.0
Air Magic      | 1 2 3 4 |  4.0
Dodging        | 3 4 |  4.0
Stealth        | |  2.6
Transmutations | |  1.0

Action                     |  1- 3 |  4- 6 |  7- 9 || total
---------------------------+-------+-------+-------++-------
  Melee: Unarmed           |     2 |       |       ||     2
         Dagger            |    23 |    68 |    74 ||   165
         Tentacles         |     7 |    22 |    21 ||    50
         Constrict         |     5 |    21 |    19 ||    45
         Punch             |       |     3 |     1 ||     4
   Cast: Sting             |     7 |     3 |       ||    10
         Poisonous Vapours |     9 |    32 |    39 ||    80
         Mephitic Cloud    |       |     2 |     3 ||     5
         Olgreb's Toxic Ra |       |       |     1 ||     1
  Evoke: Wand              |       |       |     5 ||     5
    Use: Potion            |     3 |       |     3 ||     6
         Scroll            |       |     3 |     6 ||     9
   Stab: Sleeping          |     2 |     2 |     2 ||     6
 Armour: Skin              |     1 |    14 |    11 ||    26
  Dodge: Dodged            |    11 |    34 |    35 ||    80

Table legend: (Time is in decaauts)
 A = Elapsed time spent in this place.
 B = Non-inter-level travel time spent in this place.
 C = Inter-level travel time spent in this place.
 D = Time resting spent in this place.
 E = Time spent auto-exploring this place.
 F = Levels seen in this place.
 G = Mean time per level.
                   A        B        C        D        E       F      G
               +--------+--------+--------+--------+--------+-----+--------+
         Total |   6791 |   6606 |    185 |   1138 |   4787 |   6 | 1131.8 |
       Dungeon |   6791 |   6606 |    185 |   1138 |   4787 |   6 | 1131.8 |
               +--------+--------+--------+--------+--------+-----+--------+

Top non-repeatable levels by time:
     D:2: 1393 daAuts
     D:4: 1366 daAuts
     D:3: 1220 daAuts
     D:5: 1080 daAuts
     D:6: 1052 daAuts
     D:1: 677 daAuts
